 Dungeon Crawl Stone Soup version 0.23.2-1-ga50397a (webtiles) character file.

Game seed: 13355579710076295342

1596 IBeShadow the Gusty (level 8, 0/48 HPs)
             Began as a Tengu Air Elementalist on May 15, 2019.
             Slain by a hog (7 damage)
             ... on level 7 of the Dungeon.
             The game lasted 00:07:21 (4114 turns).

IBeShadow the Gusty (Tengu Air Elementalist)        Turns: 4114, Time: 00:07:22

Health: 0/48       AC:  4    Str: 11    XL:     8   Next: 93%
Magic:  12/16      EV: 15    Int: 16    God:
Gold:   295        SH:  5    Dex: 14    Spells: 15/16 levels left

rFire    + . .     SeeInvis .   k - +2 quarterstaff (speed)
rCold    . . .     Gourm    .   (shield currently unavailable)
rNeg     . . .     Faith    .   m - +2 robe {rF+}
rPois    .         Spirit   .   (helmet restricted)
rElec    .         Reflect  +   (no cloak)
rCorr    .         Harm     .   (no gloves)
MR       .....                  (boots unavailable)
Stlth    ++........             n - +5 amulet of reflection
HPRegen  0.16/turn              (no ring)
MPRegen  0.15/turn              (no ring)

@: flying quickly and evasively, quick
A: beak, talons 3, able to fly
a: Stop Flying


You were on level 7 of the Dungeon.
You were not hungry.

You visited 1 branch of the dungeon, and saw 5 of its levels.

You collected 295 gold pieces.

Inventory:

Hand Weapons
 h - a +0 vampiric short sword
 k - a +2 quarterstaff of speed (weapon)
 s - a +2 halberd of pain
Armour
 m - a +2 robe of fire resistance (worn)
Jewellery
 b - an uncursed amulet of faith {unknown}
 n - a +5 amulet of reflection (around neck)
 t - an uncursed amulet of faith {unknown}
Scrolls
 a - 2 scrolls of blinking {unknown}
 e - 5 scrolls of teleportation
 f - a scroll of fear {unknown}
 i - 2 scrolls of amnesia {unknown}
 l - a scroll of remove curse {unknown}
 o - a scroll of enchant armour {unknown}
 p - a scroll of identify
 w - a scroll of summoning {unknown}
Potions
 d - a potion of flight {unknown}
 g - a potion of brilliance {unknown}
 j - 2 potions of curing {unknown}
 q - a potion of ambrosia {unknown}
 r - a potion of might {unknown}
 u - a potion of lignification {unknown}
 v - a potion of resistance {unknown}
Comestibles
 c - 4 rations


   Skills:
 + Level 4.6 Fighting
 - Level 1.3 Short Blades
 + Level 5.2 Staves
 - Level 2.1 Dodging
 - Level 2.0 Stealth
 + Level 4.7 Spellcasting
 + Level 6.2 Conjurations
 + Level 7.4 Air Magic


You had 15 spell levels left.
You knew the following spells:

 Your Spells              Type           Power        Failure   Level  Hunger
a - Shock                 Conj/Air       ####         1%          1    None

Your spell library contained the following spells:

 Spells                   Type           Power        Failure   Level  Hunger
 Magic Dart               Conj           ###.         1%          1    None
 Static Discharge         Conj/Air       ####....     2%          3    ###....
 Swiftness                Chrm/Air       ###.....     5%          2    ##.....
 Mephitic Cloud           Conj/Pois/Air  ###.....     8%          3    ###....
 Airstrike                Air            ####......   8%          4    ####...
 Conjure Flame            Conj/Fire      ##......     13%         3    ###....
 Blink                    Tloc           N/A          24%         2    ##.....
 Call Imp                 Summ           #.......     24%         2    ##.....
 Slow                     Hex            #.......     24%         2    ##.....
 Lightning Bolt           Conj/Air       ####......   26%         5    ######.


Dungeon Overview and Level Annotations

Branches:
Dungeon (7/15)
 Temple: D:4-7

Altars:
Kikubaaqudgha


Innate Abilities, Weirdness & Mutations

You have a beak for a mouth.
You have claws for feet.
You can fly continuously.


Message History

Casting: Shock (safe; 1% risk of failure)
Confirm with . or Enter, or press ? or * to list all spells.
Aiming: Shock (safe; 1% risk of failure)
Press: ? - help, Shift-Dir - straight line, f/p - hog
Aim: a hog (severely wounded)
Okay, then.
Casting: Shock (safe; 1% risk of failure)
Confirm with . or Enter, or press ? or * to list all spells.
Aiming: Shock (safe; 1% risk of failure)
Press: ? - help, Shift-Dir - straight line, f/p - hog
Aim: a hog (severely wounded) That beam is likely to hit you.
Continue anyway?
Okay, then.
You barely miss the hog.
The hog is severely wounded.
The hog completely misses you.
You hit the hog. You peck the hog.
The hog is almost dead.
The hog bites you!
You die...

#...<##.#.....##
#....##.#.....#
####+##+#.....#
#...........## .
#.....)......# ...
#............#....
#............#....
#.............#
#.......#.@...#
#####'###.h...#
#.###.Y...#
#.........#
####.#+####
####)#+##
#.......# ###
#.......#...
#.......#.#


You could see a yak and a hog.

Vanquished Creatures
  Sigmund (D:6)
  2 hogs (D:7)
  A human (D:7)
  A hungry ghost (D:7)
  An ice beast (D:7)
  An ogre (D:6)
  2 bullfrogs (D:6)
  2 howler monkeys (D:6)
  4 crimson imps (D:6)
  A bullfrog zombie (D:6)
  A hound (D:6)
  An orc priest (D:6)
  Jessica (D:2)
  An iguana (D:6)
  2 worker ants (D:6)
  7 gnolls
  5 adders
  2 worms (D:2)
  2 dart slugs (D:1)
  A leopard gecko (D:1)
  6 orcs
  4 bats (D:2)
  4 giant cockroaches
  10 goblins
  2 hobgoblins
  10 jackals
  8 kobolds
  7 frilled lizards
  12 rats
102 creatures vanquished.

Notes
Turn   | Place    | Note
-------+----------+-------------------------------------------
     0 | D:1      | IBeShadow the Tengu Air Elementalist began the quest for
                  | the Orb.
     0 | D:1      | Reached XP level 1. HP: 10/10 MP: 4/4
   325 | D:1      | Reached XP level 2. HP: 16/16 MP: 6/6
   590 | D:1      | Reached skill level 1 in Fighting
   838 | D:1      | Reached XP level 3. HP: 17/20 MP: 3/7
  1216 | D:2      | Noticed Jessica
  1219 | D:2      | Killed Jessica
  1219 | D:2      | Reached skill level 1 in Short Blades
  1219 | D:2      | Reached XP level 4. HP: 25/25 MP: 4/8
  1386 | D:2      | Found an ancient bone altar of Kikubaaqudgha.
  2068 | D:3      | Gained mutation: You can fly continuously. [Tengu growth]
  2068 | D:3      | Reached XP level 5. HP: 27/30 MP: 10/10
  2275 | D:3      | Reached skill level 1 in Staves
  2402 | D:3      | You are sucked into a shaft for 3 floors!
  2408 | D:6      | Reached skill level 5 in Air Magic
  2412 | D:6      | Noticed an ogre
  2417 | D:6      | Reached XP level 6. HP: 35/35 MP: 11/11
  2546 | D:6      | Reached XP level 7. HP: 23/40 MP: 12/12
  2955 | D:6      | Reached skill level 6 in Air Magic
  3539 | D:6      | Noticed Sigmund
  3561 | D:6      | Killed Sigmund
  3561 | D:6      | Reached skill level 5 in Conjurations
  3561 | D:6      | Reached XP level 8. HP: 24/48 MP: 4/15
  4072 | D:7      | Noticed a yak
  4092 | D:7      | Reached skill level 7 in Air Magic
  4095 | D:7      | Reached skill level 5 in Staves
  4114 | D:7      | Slain by a hog

Skill      XL: |  1  2  3  4  5  6  7  8 |
---------------+-------------------------+-----
Conjurations   | 2 3 5 6 |  6.2
Fighting       | 1 2 3 4 |  4.6
Short Blades   | 1 |  1.3
Staves         | 2 3 4 5 |  5.2
Spellcasting   | 3 4 |  4.7
Air Magic      | 5 6 7 |  7.4
Dodging        | |  2.1
Stealth        | |  2.0

Action                   |  1- 3 |  4- 6 |  7- 9 || total
-------------------------+-------+-------+-------++-------
Melee: Spear             |    76 |    59 |       ||   135
       Kick              |    12 |    23 |    26 ||    61
       Peck              |     3 |    16 |     8 ||    27
       Short sword       |       |     7 |       ||     7
       Quarterstaff      |       |    54 |   103 ||   157
 Cast: Shock             |     5 |     3 |    54 ||    62
 Abil: Fly               |       |     1 |       ||     1
  Use: Scroll            |       |     3 |       ||     3
 Stab: Sleeping          |     6 |     3 |       ||     9
  Eat: Chunk             |     1 |     2 |     3 ||     6
       Ration            |       |     2 |     1 ||     3
Armor: Leather armour    |     6 |       |       ||     6
       Robe              |     1 |    19 |    17 ||    37
Dodge: Dodged            |    28 |    46 |    46 ||   120
Block: Other             |       |    10 |    24 ||    34
